Vis, lawful male human Samurai --------------------------------------- |.......|........................`....| |.......-..*.................*=..-..[.| |.......|.....``------```------..```--|.. |-------|.......`.......``. ..|.....@A|... |........^....+....*...|....`.-.[...&@&V.. |.|.^.....`.....|--------`......|..(..&U|... -------|.|------``.....|..()(.(.`.`-----....Z--------- |.....||.|.....[.`.....-.[...(..`%....|`.....|.......| |.---.||.|......)-.....|..[.[)..`.....-....[.-.......| |...|.|-.---------....-----------.....`......|.......| -----.|.|.%.............| -----``.`....---```--- |.....|.................|-------- |(...........+ --- ----|.-------.......^.......|...)%(.| |.|...`.-....| |<. |...|.|...|.|-.--------....^|.[[()./| |..|+.(.|?...|---```-- |.-------------.|.|.|.|.|.||.|......|.....|.?%%.=%|----------.)..|.......| |........%......|.|...|...||.|....^.-.....-.**%[[(|..............-.......| ----------------|.-------.||.|.._...|.....|.[%)"=[|..............|.......| |.........||.|......|.....|.)%.".%|..............|.^...(.| ---------------------------------------------------------- Vis the Kokushu Experience level: 20 Strength: 25 Dexterity: 18 Constitution: 18 Intelligence: 18 Wisdom: 18 Charisma: 15 Health: 0(220) Energy: 130(130) Def: 35 Gold: 204 Moves: 54533 Dungeon seed: P4tfkfzQDU4p_HZF Game ID: Vis_1434033470 Your Inventory: Coins $ - 204 gold pieces Amulets b - an uncursed amulet of ESP w - an uncursed amulet of reflection z - an uncursed amulet of magical breathing U - an uncursed amulet of life saving Weapons c - a +1 yumi h - a greased +1 katana G - the +6 Grayswandir (weapon in hand) K - a +0 silver saber (wielded in other hand) Y - 11 +0 silver arrows Armor l - a blessed +4 pair of speed boots (being worn) n - an uncursed thoroughly burnt +1 cloak of protection (being worn) E - a blessed very burnt +4 elven leather helm (being worn) F - a blessed +2 gray dragon scale mail (being worn) I - a blessed +5 T-shirt (being worn) M - an uncursed very rusty +0 pair of gauntlets of power (being worn) Comestibles d - 4 uncursed eggs W - 2 uncursed lembas wafers Rings m - an uncursed ring of free action (on right hand) r - an uncursed ring of polymorph control C - an uncursed ring of levitation D - an uncursed ring of slow digestion (on left hand) J - an uncursed ring of levitation L - an uncursed ring of protection from shape changers Wands e - a wand of create monster (0:12) j - a wand of cancellation (0:4) u - a wand of teleportation (0:8) v - a wand of striking (0:2) x - a wand of digging (0:5) P - a wand of polymorph (0:5) T - a cursed wand of create monster (0:14) X - a wand of cancellation (0:4) Tools a - a magic marker (0:31) f - a tinning kit (0:2) g - an uncursed sack i - a +0 unicorn horn k - a can of grease (0:1) o - a horn of plenty (0:15) p - an uncursed stethoscope s - a blessed bag of holding t - an uncursed magic lamp (lit) H - an uncursed osaku O - a +0 pick-axe Q - the Bell of Opening (0:3) R - an expensive camera (0:68) S - a magic marker (0:11) V - an uncursed towel Z - a magic marker (0:82) Gems q - an uncursed touchstone N - 2 uncursed luckstones Contents of the bag of holding: the blessed +0 Tsurugi of Muramasa 9 +0 silver arrows 9 +0 silver arrows 33 +0 ya an uncursed +1 elven leather helm an uncursed +0 helm of brilliance an uncursed +0 mummy wrapping an uncursed +0 oilskin cloak an uncursed +0 pair of gauntlets of dexterity an uncursed +0 pair of jumping boots an uncursed -1 pair of levitation boots an uncursed +0 pair of water walking boots an uncursed +0 robe an uncursed banana an uncursed candy bar 2 uncursed gunyoki an uncursed lembas wafer 2 uncursed lizard corpses 2 uncursed sprigs of wolfsbane 2 uncursed tins of nurse meat 3 uncursed tripe rations a blessed scroll of blank paper 4 uncursed scrolls of blank paper 3 uncursed scrolls of charging a blessed scroll of earth an uncursed scroll of earth 4 uncursed scrolls of enchant armor 3 uncursed scrolls of enchant weapon an uncursed scroll of fire 2 uncursed scrolls of food detection 2 uncursed scrolls of gold detection 2 cursed scrolls of gold detection 2 uncursed scrolls of identify an uncursed scroll of magic mapping 4 uncursed scrolls of remove curse an uncursed scroll of scare monster 3 uncursed scrolls of scare monster an uncursed scroll of teleportation an uncursed scroll of wishing an uncursed spellbook of force bolt 3 uncursed potions of extra healing 3 blessed potions of full healing 5 uncursed potions of full healing 3 uncursed potions of gain ability a cursed potion of gain level 8 potions of holy water an uncursed potion of monster detection 3 uncursed potions of oil 2 uncursed potions of paralysis an uncursed potion of polymorph an uncursed potion of restore ability a potion of unholy water an uncursed potion of water an uncursed ring of conflict an uncursed ring of polymorph an uncursed ring of polymorph control an uncursed ring of slow digestion an uncursed ring of slow digestion an uncursed ring of slow digestion a blessed greased ring of teleport control a wand of cold (0:6) a wand of cold (0:6) a wand of cold (0:4) a wand of create monster (0:15) a wand of create monster (0:11) a wand of create monster (0:10) a wand of create monster (2:1) a wand of death (0:6) a wand of death (0:6) a blessed wand of digging (0:8) a wand of digging (0:7) a wand of digging (0:7) a wand of digging (0:7) a wand of digging (0:7) a wand of digging (0:6) a wand of digging (0:6) a wand of digging (0:6) a wand of digging (0:6) a wand of digging (0:6) a wand of digging (0:6) a wand of digging (0:6) a wand of digging (0:6) a wand of digging (0:5) a wand of digging (0:5) a wand of digging (0:5) a wand of digging (0:3) a wand of enlightenment (0:7) a wand of fire (0:3) a wand of light (0:15) a blessed wand of light (0:11) a wand of magic missile (0:5) a wand of polymorph (0:3) a wand of polymorph (0:0) a wand of secret door detection (0:10) a wand of slow monster (0:6) a wand of striking (0:5) a wand of striking (0:4) a wand of teleportation (0:5) a wand of teleportation (0:4) a wand of teleportation (0:4) a wand of undead turning (0:3) a blessed magic lamp 7 blessed wax candles (0:400) 4 uncursed agate stones 6 uncursed amber stones 12 uncursed amethyst stones an uncursed aquamarine stone 6 uncursed chrysoberyl stones 2 uncursed citrine stones 2 uncursed diamonds 4 uncursed emeralds 10 uncursed fluorite stones 7 uncursed garnet stones 2 uncursed jade stones 3 uncursed jasper stones 8 uncursed rubies an uncursed sapphire 7 uncursed topaz stones an uncursed turquoise stone Spells known in the end: Name Level Category Fail Memory a - confuse monster 2* enchantment 85% 0% b - light 1* divination 85% 0% c - sleep 1* enchantment 85% 0% d - identify 3 divination 100% 82% e - extra healing 3* healing 100% 0% f - detect monsters 1* divination 85% 0% g - knock 1* matter 85% 0% h - magic mapping 5* divination 100% 0% i - force bolt 1 attack 85% 88% j - invisibility 4 escape 100% 9% k - detect food 2 divination 85% 23% l - healing 1 healing 85% 29% m - slow monster 2 enchantment 85% 65% n - jumping 1 escape 85% 65% o - polymorph 6 matter 100% 99% Your skills at the end: Fighting Skills martial arts [Basic] two weapon combat [Skilled] Weapon Skills short sword [Basic] long sword [Skilled] saber [Basic] bow [Basic] shuriken [Basic] Spellcasting Skills Final Attributes: You were piously aligned. You were fire resistant. You were cold resistant. You were sleep resistant. You were shock resistant. You were poison resistant. You were magic-protected. You resisted hallucinations. You were sick from illness. You saw invisible. You were telepathic. You were invisible to others. You were stealthy. You had slower digestion. You were protected. You were very fast. You had free action. You were wielding two weapons at once. You were extremely lucky. You had extra luck. Bad luck did not time out for you. Good luck did not time out for you. You are dead. Vanquished creatures: Medusa Croesus an iron golem 2 storm giants 2 glass golems a balrog 3 purple worms a silver dragon 4 red dragons a white dragon 2 orange dragons a black dragon a blue dragon 7 minotaurs 2 jabberwocks Ashikaga Takauji 4 baluchitheria 3 demiliches 2 Olog-hai 2 pit fiends a sandestin 2 titanotheres 4 trappers a disenchanter 9 vampire lords 6 shades 5 skeletons 4 captains 6 liches 4 water trolls 7 nurses 4 ice devils a nalfeshnee 2 lurkers above a frost giant an ettin 3 black puddings 13 vampires 20 ghosts 10 lieutenants 11 samurai 2 winged gargoyles 6 giant mimics 5 fire giants 7 ogre kings 8 ice trolls 3 rock trolls 2 umber hulks a flesh golem an Elvenking 6 doppelgangers 4 hezrous 2 bone devils 7 large mimics a wumpus a fire vortex a baby purple worm 2 long worms 42 stalkers 2 fire elementals 4 earth elementals 4 water elementals 7 hill giants 3 giant mummies 4 xorns 17 giant zombies 17 elf-lords 15 sergeants 7 vrocks 14 wargs 6 winter wolves 3 hell hound pups 22 small mimics 3 glass piercers a warhorse 3 steam vortices a xan 2 ettin mummies 5 ogre lords 8 quantum mechanics 16 trolls a sasquatch 7 wood golems 2 mariliths 2 gelatinous cubes 4 pyrolisks 4 large dogs 3 freezing spheres 12 flaming spheres 5 shocking spheres 5 large cats 4 tigers 5 gargoyles a tengu 3 ochre jellies 6 leocrottas 2 energy vortices 6 mountain centaurs a stone giant 2 elf mummies 5 human mummies 7 red nagas 3 green slimes 2 pit vipers a cobra 32 wraiths 3 carnivorous apes 11 ettin zombies 4 leather golems 13 Grey-elves 119 soldiers 4 succubi 9 incubi 5 chameleons a crocodile 9 giant beetles 4 quivering blobs 6 cockatrices 77 wolves 5 lynxes 2 panthers 4 gremlins 38 leprechauns 4 mountain nymphs 4 orc-captains a mumak 10 giant spiders 5 scorpions 5 horses 5 ice vortices 7 black lights 11 vampire bats 3 forest centaurs 8 gnome kings 4 orc mummies 5 dwarf mummies 2 ogres a brown pudding 7 rust monsters 11 owlbears 6 yetis 3 gold golems a werewolf 10 Green-elves 5 giant eels 10 lizards 20 ninja a roshi 4 chickatrices 4 dogs 12 dingos 3 housecats 8 jaguars 3 dwarf lords 9 blue jellies 5 water nymphs 4 gray unicorns 2 black unicorns 3 dust vortices 5 ravens 3 plains centaurs 5 gnome mummies 3 snakes 18 apes 16 human zombies 4 rope golems 11 Woodland-elves 12 soldier ants 5 fire ants 14 bugbears 3 imps 14 quasits 4 wood nymphs 10 Mordor orcs 16 Uruk-hai an orc shaman 11 rock piercers 9 rock moles 6 ponies 5 fog clouds 12 yellow lights 4 shriekers 7 violet fungi 26 gnome lords 11 gnomish wizards 6 kobold mummies a black naga hatchling a golden naga hatchling a guardian naga hatchling 7 gray oozes 14 elf zombies 17 ghouls 2 straw golems a paper golem 2 jellyfish 3 baby crocodiles 13 giant ants 5 little dogs 12 floating eyes 7 kittens 12 dwarves 9 homunculi 4 kobold lords 4 kobold shamans 24 hill orcs 26 rothes 7 rabid rats 4 centipedes 6 giant bats 5 monkeys 10 orc zombies 15 dwarf zombies 2 wererats a werejackal 10 iguanas 40 killer bees 8 acid blobs 5 coyotes 2 gas spores 3 hobbits 17 hobgoblins 11 giant rats 14 cave spiders 2 brown molds 6 yellow molds 4 green molds 2 red molds 68 gnomes 28 garter snakes 4 manes 16 gnome zombies 11 geckos 18 jackals 10 foxen 7 kobolds 12 goblins 12 sewer rats 23 grid bugs 12 bats 14 lichens 12 kobold zombies 10 newts 1904 creatures vanquished. Genocided or extinct species: liches demiliches master liches arch-liches soldiers (extinct) 4 species genocided. 1 species extinct. Voluntary challenges: You used a wielded weapon 3073 times, starting on turn 85. You read items or engraved 232 times, starting on turn 246. You genocided 4 types of monsters, starting on turn 42916. You polymorphed 327 items, starting on turn 23117. You never changed form. You completed Sokoban on turn 6502, according to the rules. You used 2 wishes, starting on turn 27688. You did not wish for any artifacts. You never split a pudding. You never wrote Elbereth's name. You violated your moral code, losing 3 points of alignment, starting on turn 1765. Dungeon overview: The Dungeons of Doom: levels 1 to 28 Level 1 a long staircase Level 2 a potion shop, a fountain Level 3 an altar to Amaterasu Omikami, some fountains Level 4 stairs to The Gnomish Mines Level 5 some fountains Level 6 stairs to Sokoban Level 7 Level 8 Level 9 a sink Level 10 a fountain Level 11 Level 12 portal to The Quest Level 13 a temple to Amaterasu Omikami Level 14 an altar to Amaterasu Omikami, a sink Level 15 a fountain Level 16 a fountain Level 17 a fountain Level 18 Level 19 an altar to Amaterasu Omikami Level 20 portal to Fort Ludios Level 21 an altar to Amaterasu Omikami Level 22 a sink Level 23 a fountain Level 24 some altars to Amaterasu Omikami and Susanowo, some fountains Level 25 Level 26 a fountain Level 27 Level 28 a fountain Gehennom: levels 29 to 38 Level 29 a temple to Moloch stairs to The Dungeons of Doom Level 30 Level 31 Level 32 Level 33 Level 35 Level 36 Level 37 Level 38 <- You were here some shops, an altar to Moloch The Gnomish Mines: levels 5 to 13 Level 5 stairs to The Dungeons of Doom Level 6 Level 7 many shops, a temple to Amaterasu Omikami, some fountains Level 8 Level 9 Level 10 Level 11 Level 12 Level 13 The Quest: levels 1 to 6 Level 1 portal to The Dungeons of Doom Level 2 Level 3 Level 4 Level 5 Level 6 Sokoban: levels 2 to 5 Level 2 Level 3 Level 4 Level 5 stairs to The Dungeons of Doom Fort Ludios: Level 1 portal to The Dungeons of Doom History has recorded: On T:1 you entered the Dungeons of Doom to retrieve the Amulet of Yendor! On T:220 you reached level 2 of The Dungeons of Doom. On T:415 you reached level 3 of The Dungeons of Doom. On T:462 you advanced to experience level 2. On T:627 you advanced to experience level 3. On T:876 you reached level 4 of The Dungeons of Doom. On T:1069 you reached level 5 of The Dungeons of Doom. On T:1085 you advanced to experience level 4. On T:1204 you reached level 1 of The Gnomish Mines. On T:1312 you advanced to experience level 5. On T:1628 you reached level 2 of The Gnomish Mines. On T:1766 you advanced to experience level 6. On T:2003 you received Snickersnee from Amaterasu Omikami. On T:2740 you reached level 3 of The Gnomish Mines. On T:2817 you advanced to experience level 7. On T:2897 you received Werebane from Amaterasu Omikami. On T:3700 you reached level 6 of The Dungeons of Doom. On T:3897 you reached level 4 of Sokoban. On T:4201 you reached level 3 of Sokoban. On T:4863 you reached level 2 of Sokoban. On T:5393 you reached level 1 of Sokoban. On T:5407 you advanced to experience level 8. On T:6502 you entered the Sokoban zoo. On T:7842 you reached level 4 of The Gnomish Mines. On T:9109 you reached level 5 of The Gnomish Mines. On T:9171 you advanced to experience level 9. On T:9534 you reached level 6 of The Gnomish Mines. On T:9743 you reached level 7 of The Gnomish Mines. On T:10063 you reached level 8 of The Gnomish Mines. On T:11200 you reached level 9 of The Gnomish Mines. On T:11566 you advanced to experience level 10. On T:12983 you reached level 7 of The Dungeons of Doom. On T:13264 you reached level 8 of The Dungeons of Doom. On T:13503 you reached level 9 of The Dungeons of Doom. On T:14834 you reached level 10 of The Dungeons of Doom. On T:15119 you reached level 11 of The Dungeons of Doom. On T:15197 you reached level 12 of The Dungeons of Doom. On T:15672 you reached level 13 of The Dungeons of Doom. On T:15757 you reached level 14 of The Dungeons of Doom. On T:16327 you reached level 15 of The Dungeons of Doom. On T:16540 you reached level 16 of The Dungeons of Doom. On T:17720 you reached level 17 of The Dungeons of Doom. On T:17911 you advanced to experience level 11. On T:18694 you reached level 1 of The Quest. On T:19463 you reached level 18 of The Dungeons of Doom. On T:19815 you reached level 19 of The Dungeons of Doom. On T:21731 you reached level 20 of The Dungeons of Doom. On T:21738 you reached level 21 of The Dungeons of Doom. On T:22203 you received Grayswandir from Amaterasu Omikami. On T:24430 you reached level 22 of The Dungeons of Doom. On T:24711 you advanced to experience level 12. On T:25100 you reached level 23 of The Dungeons of Doom. On T:25321 you reached level 24 of The Dungeons of Doom. On T:25375 you reached level 25 of The Dungeons of Doom. On T:25911 you reached level 26 of The Dungeons of Doom. On T:25992 you reached level 27 of The Dungeons of Doom. On T:27087 you advanced to experience level 13. On T:27688 you wished for "blessed +2 gray dragon scale mail". On T:30406 you advanced to experience level 14. On T:34310 you reached The Castle. On T:34432 you killed Medusa on level 27 of The Dungeons of Doom. On T:36442 you wished for "blessed amulet of levitation". On T:39656 you reached The Valley of the Dead. On T:40507 you advanced to experience level 15. On T:40872 you reached level 2 of Gehennom. On T:41585 you reached level 3 of Gehennom. On T:46605 you reached Fort Ludios. On T:46648 you advanced to experience level 16. On T:47573 you killed Croesus in Fort Ludios. On T:49730 you embarked upon an epic quest. On T:49744 you reached level 2 of The Quest. On T:49777 you reached level 3 of The Quest. On T:50221 you reached level 4 of The Quest. On T:50464 you reached level 5 of The Quest. On T:50687 you reached level 6 of The Quest. On T:51015 you killed Ashikaga Takauji on level 6 of The Quest. On T:51519 you completed the quest! On T:52042 you advanced to experience level 17. On T:52043 you advanced to experience level 18. On T:52043 you advanced to experience level 19. On T:52044 you advanced to experience level 20. On T:52771 you reached level 4 of Gehennom. On T:53089 you reached level 5 of Gehennom. On T:53193 you reached level 7 of Gehennom. On T:53198 you reached level 8 of Gehennom. On T:53669 you reached level 9 of Gehennom. On T:53690 you reached level 10 of Gehennom. Score breakdown: Gold: 204 ( 7863 points) Experience: 20 levels (24282 points) Exploration: 38 levels ( 79.17%) (26617 points) Discoveries: 158 items ( 63.97%) (23993 points) Valuables value: (no points given unless you survive) Artifact value: 13000 (13994 points) Variety of kills: 242 monsters ( 63.85%) (23972 points) Time penalty: 54533 turns (-4884 points) Survival: died (score multiplied by 80%) Total score: 92669 Latest messages: The invisible Orcus casts a spell at you! Oh no, he's using the touch of death! Lucky for you, it didn't work! The invisible Orcus stings! The invisible Orcus stings! Your head suddenly aches very painfully! The invisible Orcus stings! Your movements are slowed slightly because of your load. V - a cursed wand of secret door detection (0:10). You take off your amulet of reflection. The invisible pit fiend wields a dagger! The invisible pit fiend thrusts one of its daggers. The invisible pit fiend misses. (2x) Demogorgon casts a spell at you! Your head suddenly aches very painfully! You die... Final status: Sayonara Vis the Samurai, killed by Demogorgon... You died in Gehennom on dungeon level 38 with 92669 points, and 204 pieces of gold, after 54533 moves. You were level 20 with a maximum of 220 hit points when you died.